[Event "December 12 Late 2023"]
[Site "https://www.chess.com"]
[Date "2023.12.12"]
[Round "1"]
[White "Manfroi, Alexander Giannini"]
[Black "Filgueira, Hernan"]
[Result "0-1"]
[Board "136"]
[TimeControl "180+1"]
[WhiteFideId "22739335"]
[BlackFideId "101770"]
[WhiteElo "2202"]
[BlackElo "2561"]
[WhiteTeam "BRA"]
[BlackTeam "ARG"]
[WhiteClock "0:00:33"]
[BlackClock "0:01:38"]

1. d4 d6 2. Bf4 f5 3. Nc3 Nf6 4. e4 fxe4 5. f3 e3 6. Bxe3 c6 7. f4 Qa5 8. Bd3 g6 9. Ne2 Bg7 10. O-O O-O 11. Rb1 Na6 12. Bc4+ d5 13. Bxa6 Qxa6 14. Ng3 Ng4 15. Qd2 Qc4 16. b3 Qb4 17. Nxd5 Qxd2 18. Nxe7+ Kf7 19. Bxd2 Bxd4+ 20. Kh1 Kxe7 21. Bb4+ c5 22. Rbe1+ Kf7 23. Ne4 cxb4 24. Ng5+ Kg8 25. h3 Nf6 26. Re7 Bc5 0-1

[Event "December 12 Late 2023"]
[Site "https://www.chess.com"]
[Date "2023.12.12"]
[Round "1"]
[White "Santos Flores, Alberto"]
[Black "Flash_BJ"]
[Result "1-0"]
[Board "137"]
[TimeControl "180+1"]
[WhiteFideId "3601234"]
[WhiteElo "2561"]
[BlackElo "2190"]
[WhiteTeam "ECU"]
[WhiteClock "0:01:15"]
[BlackClock "0:00:00"]

1. e4 c5 2. Nf3 e6 3. g3 b6 4. Bg2 Bb7 5. d3 d6 6. O-O Qc7 7. c3 Nd7 8. Re1 Ngf6 9. Nbd2 Be7 10. d4 e5 11. dxe5 dxe5 12. Nc4 O-O 13. Qc2 Rfe8 14. Bg5 Bf8 15. Nfd2 h6 16. Bxf6 Nxf6 17. Ne3 b5 18. Nd5 Nxd5 19. exd5 c4 20. a4 a6 21. axb5 axb5 22. Rxa8 Bxa8 23. Qe4 Qa5 24. f4 Bd6 25. Nf3 f5 26. Qxf5 Bxd5 27. Nxe5 Be6 28. Qc2 b4 29. Kh1 b3 30. Qd2 Qc7 31. Nxc4 Qxc4 32. Qxd6 Kf7 33. f5 1-0

[Event "December 12 Late 2023"]
[Site "https://www.chess.com"]
[Date "2023.12.12"]
[Round "1"]
[White "Brown, Raehanna"]
[Black "Kashefi, Amir Hosein"]
[Result "0-1"]
[Board "138"]
[TimeControl "180+1"]
[WhiteFideId "7402740"]
[BlackFideId "12557935"]
[WhiteElo "2183"]
[BlackElo "2558"]
[WhiteTeam "JAM"]
[BlackTeam "IRI"]
[WhiteClock "0:00:10"]
[BlackClock "0:01:33"]

1. c4 c6 2. e4 d5 3. cxd5 cxd5 4. exd5 Nf6 5. Nc3 Nxd5 6. Nf3 Nc6 7. d4 e6 8. Bb5 Bb4 9. Bd2 O-O 10. O-O Nce7 11. Ne5 Nf6 12. Be3 a6 13. Bd3 b5 14. Ne4 Ned5 15. Nxf6+ Nxf6 16. Qf3 Qd5 17. Qh3 Bb7 18. Bg5 Ne4 19. Be3 f6 20. Nf3 Rac8 21. a3 Bd6 22. Rac1 Qf5 23. Qxf5 exf5 24. Nh4 f4 25. Bxe4 Bxe4 26. Bd2 g5 27. Rfe1 Rxc1 28. Bxc1 Re8 29. Nf3 Kf7 30. Nd2 Bc6 31. Rxe8 Bxe8 32. Nb3 Ke6 33. Nc5+ Kd5 34. Nxa6 Kxd4 35. Kf1 Kd3 36. Nb4+ Bxb4 37. axb4 Kc2 0-1

[Event "December 12 Late 2023"]
[Site "https://www.chess.com"]
[Date "2023.12.12"]
[Round "1"]
[White "Dragomirescu, Robin-Alexandru"]
[Black "Nadera, Barlo A."]
[Result "1-0"]
[Board "139"]
[TimeControl "180+1"]
[WhiteFideId "1213849"]
[BlackFideId "5200598"]
[WhiteElo "2553"]
[BlackElo "2174"]
[WhiteTeam "ROU"]
[BlackTeam "PHI"]
[WhiteClock "0:00:27"]
[BlackClock "0:00:00"]

1. b3 Nf6 2. Bb2 e6 3. c4 d5 4. Nf3 Be7 5. e3 O-O 6. Nc3 b6 7. cxd5 exd5 8. d4 c5 9. Bd3 a6 10. O-O Nc6 11. dxc5 bxc5 12. h3 h6 13. Rc1 Be6 14. Na4 Nd7 15. Qe2 Nb4 16. Bb1 Nc6 17. Rfd1 Qc7 18. Qc2 g6 19. e4 Nb4 20. Qe2 Rfe8 21. a3 dxe4 22. Qxe4 Nc6 23. b4 c4 24. Nd4 Nxd4 25. Qxd4 Bf6 26. Qd6 Qxd6 27. Rxd6 Bxb2 28. Nxb2 Ne5 29. f4 Nd3 30. Nxd3 cxd3 31. Bxd3 a5 32. b5 a4 33. b6 Rab8 34. Bb5 Re7 35. Bxa4 Ra8 36. Bc6 Rxa3 37. b7 Rb3 38. Rd8+ Kg7 39. b8=Q Rxb8 40. Rxb8 Rc7 41. Rbb1 Bf5 42. Ra1 h5 43. Bf3 Rd7 44. Rd1 Rc7 45. g4 hxg4 46. hxg4 Be6 47. Kg2 Rc2+ 48. Kg3 Rc3 49. Rac1 Ra3 50. Rd2 Kf6 51. Re1 Rc3 52. Kf2 Rc4 53. Kg3 Rc3 54. Rde2 Bc4 55. Re3 Rc2 56. g5+ Kg7 57. Re7 Kf8 58. Rc7 Bb3 59. Rxc2 Bxc2 60. Kf2 Bb3 61. Ke3 Be6 62. Kd4 Kg7 63. Ke5 Bb3 64. Rb1 Bc2 65. Rb7 Bf5 66. Bd5 Kf8 67. Rxf7+ Ke8 68. Rxf5 gxf5 69. Kf6 1-0

[Event "December 12 Late 2023"]
[Site "https://www.chess.com"]
[Date "2023.12.12"]
[Round "1"]
[White "Jing, Andrew"]
[Black "Miranda, Rafael"]
[Result "0-1"]
[Board "140"]
[TimeControl "180+1"]
[WhiteFideId "30984076"]
[BlackFideId "130990"]
[WhiteElo "2173"]
[BlackElo "2551"]
[WhiteTeam "USA"]
[BlackTeam "ARG"]
[WhiteClock "0:02:24"]
[BlackClock "0:01:47"]

1. d4 Nf6 2. c4 e6 3. g3 c5 4. Bg2 cxd4 5. Nf3 Nc6 6. Nxd4 Bc5 7. Nxc6 bxc6 8. O-O O-O 9. a3 a5 10. Nc3 Ba6 11. Na4 Ba7 12. b3 d5 13. Qc2 Rb8 14. Bf4 Rc8 15. Rfd1 Qe7 16. c5 e5 17. Bg5 h6 18. Bxf6 Qxf6 19. e4 d4 20. Nb2 Rb8 21. Nd3 Qe7 22. b4 Bxd3 23. Rxd3 axb4 24. axb4 Rxb4 25. Ra6 Rc8 26. Bh3 Rc7 27. Rb3 Qxc5 28. Qxc5 Bxc5 29. Rxb4 Bxb4 30. Bf1 c5 31. Bc4 g6 32. Rxg6+ Kh7 33. Rf6 Kg7 34. Rd6 Ra7 35. Kf1 Bc3 36. Ke2 Ra4 37. Bd5 c4 38. Rc6 d3+ 39. Kf3 d2 40. Ke2 Ra1 0-1

[Event "December 12 Late 2023"]
[Site "https://www.chess.com"]
[Date "2023.12.12"]
[Round "1"]
[White "Keleberda, Tymur"]
[Black "Michalski, Olaf"]
[Result "1-0"]
[Board "141"]
[TimeControl "180+1"]
[WhiteFideId "14174294"]
[BlackFideId "1106740"]
[WhiteElo "2546"]
[BlackElo "2173"]
[WhiteTeam "CAN"]
[BlackTeam "POL"]
[WhiteClock "0:00:29"]
[BlackClock "0:00:00"]

1. e4 c5 2. Nf3 a6 3. c3 e6 4. d4 d5 5. exd5 exd5 6. Be2 Nf6 7. O-O cxd4 8. Nxd4 Bd6 9. h3 h6 10. Bd3 O-O 11. Nd2 Nc6 12. N2f3 Bd7 13. Be3 Re8 14. Bc2 Ne4 15. Bb3 Be6 16. Nxe6 fxe6 17. Nd4 Qf6 18. Qg4 Ne5 19. Qe2 Ng6 20. Bc2 Nf4 21. Qg4 e5 22. Bxf4 exf4 23. Rad1 g5 24. Bb3 Kg7 25. Nf5+ 1-0

[Event "December 12 Late 2023"]
[Site "https://www.chess.com"]
[Date "2023.12.12"]
[Round "1"]
[White "Tarnowska, Aleksandra"]
[Black "Przybylski, Wojciech"]
[Result "0-1"]
[Board "142"]
[TimeControl "180+1"]
[WhiteFideId "1180967"]
[BlackFideId "1117599"]
[WhiteElo "2164"]
[BlackElo "2544"]
[WhiteTeam "POL"]
[BlackTeam "POL"]
[WhiteClock "0:00:03"]
[BlackClock "0:00:13"]

1. e4 e5 2. Nf3 Nc6 3. Bb5 Nf6 4. O-O Nxe4 5. Re1 Nd6 6. Nxe5 Nxe5 7. Rxe5+ Be7 8. Ba4 O-O 9. c3 Bf6 10. Re1 Nf5 11. d4 d5 12. Na3 c6 13. Bf4 Nh4 14. Bg3 Bf5 15. Nc2 Be4 16. f3 Bg6 17. Ne3 Re8 18. Ng4 Bg5 19. Bc2 Nf5 20. Bxf5 Bxf5 21. Re2 h5 22. Ne5 f6 23. Nd3 Qd7 24. h4 Be3+ 25. Kh2 Bh6 26. Nc5 Qf7 27. Qf1 Kh7 28. Rae1 b6 29. Rxe8 Rxe8 30. Rxe8 Qxe8 31. Nd3 Qe3 32. Nf2 Qd2 33. Nh3 Bd3 34. Qf2 Bb1 35. a3 Qxf2 36. Nxf2 Bc1 37. b3 Bxa3 38. c4 Bb2 39. cxd5 cxd5 40. Bb8 a5 41. Ba7 Bxd4 42. Nh3 Be3 43. g3 Bc2 44. g4 Bxb3 45. gxh5 a4 46. Kg3 a3 47. Nf2 a2 48. Ng4 Bd4 49. Bb8 a1=Q 50. Bf4 Qg1+ 51. Kh3 Bc4 52. Bg3 Bf1# 0-1

[Event "December 12 Late 2023"]
[Site "https://www.chess.com"]
[Date "2023.12.12"]
[Round "1"]
[White "Leenhouts, Koen"]
[Black "BestestBP"]
[Result "0-1"]
[Board "143"]
[TimeControl "180+1"]
[WhiteFideId "1008439"]
[WhiteElo "2539"]
[BlackElo "2145"]
[WhiteTeam "NED"]
[WhiteClock "0:00:02"]
[BlackClock "0:00:06"]

1. c4 Nf6 2. Nc3 e6 3. g3 d5 4. cxd5 exd5 5. d3 Be7 6. Bg2 O-O 7. Nf3 c6 8. O-O Nbd7 9. e4 dxe4 10. dxe4 Nc5 11. Qc2 Bg4 12. Be3 Qc7 13. Bf4 Qb6 14. Be3 Qc7 15. h3 Bh5 16. Nd4 Bg6 17. Rfe1 Rad8 18. Rad1 Rd7 19. Nf5 Bxf5 20. exf5 Rfd8 21. Rxd7 Rxd7 22. Bf4 Qd8 23. Bf1 h6 24. b4 Nd3 25. Bxd3 Rxd3 26. Rxe7 Rxc3 27. Qxc3 Qxe7 28. Qd4 Nd5 29. Bd2 a6 30. Bc3 Nxc3 31. Qxc3 Qe4 32. f6 Qb1+ 33. Kg2 Qe4+ 34. Kh2 Qf5 35. Kg2 gxf6 36. Qe3 Qd5+ 37. Kh2 Qg5 38. Qb6 Qb5 39. Qd4 Qe5 40. Qd2 Qf5 41. Kg1 Qb1+ 42. Kg2 Qe4+ 43. Kh2 Qf5 44. a3 Kg7 45. Qd4 Qd5 46. Qg4+ Qg5 47. Qd4 Qf5 48. h4 h5 49. Qe3 Qg4 50. Qd2 Qf5 51. Qe3 Qg4 52. Qd2 Qf3 53. Kg1 Qxa3 54. Qd4 Qf3 55. Kh2 Qf5 56. Qb6 Qf3 57. Kg1 Qd1+ 58. Kg2 Qd5+ 59. Kg1 Qb5 60. Qd4 Qf5 61. Qb6 Qb5 62. Qd4 a5 63. bxa5 Qxa5 64. Qd1 Qf5 65. Qb3 b5 66. Kg2 Qd5+ 67. Qxd5 cxd5 68. Kf3 f5 69. Ke3 Kf6 70. Kd4 Ke6 71. f3 f4 72. gxf4 Kf5 73. Kxd5 Kxf4 74. Kc5 Kxf3 75. Kxb5 f5 76. Kc5 Ke3 0-1

[Event "December 12 Late 2023"]
[Site "https://www.chess.com"]
[Date "2023.12.12"]
[Round "1"]
[White "Demina, Marya"]
[Black "Estrada Nieto, Julian"]
[Result "0-1"]
[Board "144"]
[TimeControl "180+1"]
[WhiteFideId "4195671"]
[BlackFideId "5101018"]
[WhiteElo "2138"]
[BlackElo "2539"]
[WhiteTeam "RUS"]
[BlackTeam "ESP"]
[WhiteClock "0:00:13"]
[BlackClock "0:01:12"]

1. d4 d5 2. c4 dxc4 3. e3 Nf6 4. Bxc4 e6 5. Nf3 c5 6. O-O a6 7. a4 Nc6 8. Nc3 Be7 9. Qe2 cxd4 10. Rd1 e5 11. exd4 exd4 12. Ng5 O-O 13. Bf4 Bg4 14. f3 Bf5 15. Kh1 Nh5 16. Nxf7 Rxf7 17. Bxf7+ Kxf7 18. Be5 Bf6 19. Bxf6 Nxf6 20. g4 Be6 21. Re1 Qd6 22. Ne4 Nxe4 23. Qxe4 Bd5 24. Qf5+ Kg8 25. Rf1 Rf8 26. Qd3 Ne5 27. Qxd4 Nxf3 28. Rad1 Nxd4+ 29. Kg1 Ne2# 0-1

[Event "December 12 Late 2023"]
[Site "https://www.chess.com"]
[Date "2023.12.12"]
[Round "1"]
[White "Bagrationi, Alexander"]
[Black "Tokat, Nehir"]
[Result "0-1"]
[Board "145"]
[TimeControl "180+1"]
[WhiteFideId "14104954"]
[BlackFideId "34557555"]
[WhiteElo "2537"]
[BlackElo "2137"]
[WhiteTeam "ISR"]
[BlackTeam "TUR"]
[WhiteClock "0:00:03"]
[BlackClock "0:00:06"]

1. e4 c5 2. d3 g6 3. f4 Bg7 4. c3 Nc6 5. Be3 b6 6. Nd2 Bb7 7. Ngf3 d5 8. e5 d4 9. Bf2 f6 10. e6 Qd6 11. Qe2 dxc3 12. bxc3 Qxf4 13. g3 Qd6 14. Nc4 Qc7 15. Bg2 f5 16. O-O Nf6 17. d4 cxd4 18. Nxd4 Nxd4 19. Bxd4 Bxg2 20. Qxg2 O-O 21. Ne5 Qd6 22. Rae1 Rac8 23. Nf7 Qc6 24. Qxc6 Rxc6 25. h3 Ne4 26. g4 Bxd4+ 27. cxd4 Rxe6 28. Nh6+ Kg7 29. gxf5 Rd6 30. Rxe4 Kxh6 31. fxg6 Rxf1+ 32. Kxf1 hxg6 33. Ke2 e6 34. Kd3 Kg5 35. Kc4 Kf5 36. Rg4 a6 37. a4 Rc6+ 38. Kd3 Rc1 39. Rg2 Rd1+ 40. Kc4 Rc1+ 41. Kd3 Ra1 42. Rf2+ Kg5 43. Re2 Rxa4 44. Rxe6 Rb4 45. Kc3 Rb1 46. d5 Rd1 47. Kc4 b5+ 48. Kc5 Kf5 49. Re2 g5 50. d6 b4 51. Kc6 b3 52. Rb2 Rc1+ 53. Kd7 Rc3 54. Ke7 Rd3 55. d7 Re3+ 56. Kf7 Rd3 57. Ke8 Re3+ 58. Kd8 Ke6 59. Rd2 Rc3 60. Ke8 Rxh3 61. Kf8 Rh8+ 62. Kg7 Rd8 63. Rb2 Rxd7+ 64. Kg6 Rd5 65. Rxb3 a5 66. Ra3 Ke5 67. Kh5 Ke4 68. Kg4 Rb5 69. Ra4+ Kd3 70. Ra1 Kc2 71. Re1 a4 72. Re4 a3 73. Ra4 Kb2 74. Ra5 Rxa5 0-1

[Event "December 12 Late 2023"]
[Site "https://www.chess.com"]
[Date "2023.12.12"]
[Round "1"]
[White "Hartikainen, Jarmo"]
[Black "Asish Panda"]
[Result "0-1"]
[Board "146"]
[TimeControl "180+1"]
[WhiteFideId "503134"]
[BlackFideId "45012458"]
[WhiteElo "2134"]
[BlackElo "2537"]
[WhiteTeam "FIN"]
[BlackTeam "IND"]
[WhiteClock "0:00:44"]
[BlackClock "0:01:52"]

1. e4 e6 2. d4 d5 3. Nd2 c5 4. Ngf3 cxd4 5. Nxd4 Nc6 6. Nxc6 bxc6 7. exd5 cxd5 8. Bb5+ Bd7 9. Qe2 Nf6 10. O-O Be7 11. a4 O-O 12. Nb3 Rc8 13. c3 Bd6 14. h3 e5 15. Bxd7 Qxd7 16. Qb5 Qe6 17. Na5 e4 18. Be3 a6 19. Qe2 Nd7 20. Nb7 Bb8 21. b4 Rxc3 22. Rfc1 Rcc8 23. Nc5 Nxc5 24. Rxc5 Qe5 25. g3 Qxa1+ 0-1

[Event "December 12 Late 2023"]
[Site "https://www.chess.com"]
[Date "2023.12.12"]
[Round "1"]
[White "Shapiro, Viktor"]
[Black "Janiashvili, Mariami"]
[Result "1-0"]
[Board "147"]
[TimeControl "180+1"]
[WhiteFideId "4175700"]
[BlackFideId "13612077"]
[WhiteElo "2536"]
[BlackElo "2132"]
[WhiteTeam "RUS"]
[BlackTeam "GEO"]
[WhiteClock "0:01:30"]
[BlackClock "0:02:11"]

1. Nf3 d5 2. g3 c5 3. Bg2 Nc6 4. d3 g6 5. O-O Bg7 6. Nbd2 Nf6 7. c4 O-O 8. a3 dxc4 9. Nxc4 Be6 10. Bd2 Rc8 11. Rc1 b6 12. b4 cxb4 13. axb4 Nd4 14. Nxd4 Qxd4 15. Bc3 Qd7 16. Ne5 Qd6 17. Nc6 Ra8 18. Be5 Qd7 19. b5 Rac8 20. Qa4 Bd5 21. Bxd5 Qxd5 22. Nxe7+ 1-0

[Event "December 12 Late 2023"]
[Site "https://www.chess.com"]
[Date "2023.12.12"]
[Round "1"]
[White "Powell, Paul"]
[Black "Silva, Kaua Marques"]
[Result "0-1"]
[Board "148"]
[TimeControl "180+1"]
[WhiteFideId "2005840"]
[BlackFideId "22701168"]
[WhiteElo "2130"]
[BlackElo "2536"]
[WhiteTeam "USA"]
[BlackTeam "BRA"]
[WhiteClock "0:00:00"]
[BlackClock "0:00:02"]

1. d4 c5 2. c3 d5 3. Nf3 Nc6 4. Bf4 Nf6 5. e3 e6 6. Bd3 Bd6 7. O-O O-O 8. Nbd2 b6 9. Re1 Bb7 10. Qe2 Re8 11. Ne5 Ne7 12. Ndf3 Ng6 13. Ng5 Bxe5 14. dxe5 Nd7 15. Qh5 Ndf8 16. h4 a5 17. Qg4 Ba6 18. Bc2 Ne7 19. h5 Ra7 20. Rad1 Rd7 21. h6 g6 22. Nf3 b5 23. Bg5 Bb7 24. Bf6 Bc6 25. Ng5 Qa8 26. f4 Nf5 27. Bxf5 exf5 28. Qg3 Ne6 29. Nxe6 fxe6 30. Qg5 Rf7 31. Rd2 b4 32. cxb4 axb4 33. Rc1 c4 34. Qg3 Qxa2 35. Qf2 Ra8 36. Rdd1 Qb3 37. Qd2 Ra2 38. Rc2 Ba4 39. Rdc1 Rc7 40. Kh2 Kf7 41. Qd4 Ra1 42. Qb6 Rd7 43. Qb8 Qxe3 44. Qh8 Qxf4+ 45. Kh3 Qxh6+ 46. Kg3 f4+ 47. Kf2 Rxc1 48. Rxc1 g5 49. Rh1 Qf8 0-1

[Event "December 12 Late 2023"]
[Site "https://www.chess.com"]
[Date "2023.12.12"]
[Round "1"]
[White "Roberson, Peter T"]
[Black "Harrington, Steve"]
[Result "1-0"]
[Board "149"]
[TimeControl "180+1"]
[WhiteFideId "412384"]
[BlackFideId "2038730"]
[WhiteElo "2536"]
[BlackElo "2128"]
[WhiteTeam "ENG"]
[BlackTeam "USA"]
[WhiteClock "0:00:06"]
[BlackClock "0:00:08"]

1. d4 d5 2. Bf4 Nc6 3. e3 Bf5 4. Bb5 Nf6 5. Nf3 a6 6. Bxc6+ bxc6 7. Ne5 Bd7 8. c4 e6 9. O-O Bd6 10. Nd2 O-O 11. Rc1 Rb8 12. Nb3 Ne4 13. f3 Nf6 14. Qd3 a5 15. Nxa5 Rxb2 16. Naxc6 Qa8 17. c5 Bxe5 18. Nxe5 Qxa2 19. Kh1 Bb5 20. Qd1 Bxf1 21. Qxf1 Nh5 22. Nd3 Rd2 23. Bxc7 Qa6 24. Ne5 Qxf1+ 25. Rxf1 Rc2 26. Bd6 Rc8 27. Rb1 f6 28. Nd3 g5 29. h3 Ng7 30. Rb7 Ne8 31. Kh2 Rc3 32. Nf2 Rxe3 33. Re7 Re2 34. Ng4 h5 35. Nh6+ Kh8 36. Nf7+ Kg7 37. Nxg5+ Kg6 38. Nxe6 Rd2 39. Kg3 Rd1 40. Bf4 Rd3 41. Bd6 Rc3 42. Kf4 Rc4 43. g4 hxg4 44. hxg4 Rc1 45. Nf8+ Kh6 46. Rh7# 1-0

[Event "December 12 Late 2023"]
[Site "https://www.chess.com"]
[Date "2023.12.12"]
[Round "1"]
[White "kleong12"]
[Black "Rogov, Matfey"]
[Result "1-0"]
[Board "150"]
[TimeControl "180+1"]
[BlackFideId "44191308"]
[WhiteElo "2125"]
[BlackElo "2536"]
[BlackTeam "RUS"]
[WhiteClock "0:00:03"]
[BlackClock "0:00:17"]

1. d4 e6 2. Bf4 b6 3. e3 Bb7 4. Nf3 f5 5. Be2 Nf6 6. O-O Ne4 7. Nfd2 d6 8. Nxe4 fxe4 9. c4 Be7 10. Nc3 O-O 11. d5 e5 12. Bg3 Nd7 13. Nxe4 a5 14. b3 Kh8 15. a3 b5 16. cxb5 Nb6 17. Bc4 a4 18. Nc3 Qe8 19. Qd3 axb3 20. Bxb3 Bc8 21. a4 Bf5 22. e4 Bg6 23. a5 Nd7 24. Qc4 h5 25. h3 h4 26. Bh2 Nf6 27. b6 cxb6 28. axb6 Rc8 29. Qb4 Nh5 30. b7 Rb8 31. Ba4 Qf7 32. Bc6 Bg5 33. Ra8 Bf4 34. Qxd6 Bxh2+ 35. Kxh2 Qf4+ 36. Kg1 Rxa8 37. bxa8=Q Rxa8 38. Bxa8 Kh7 39. Qe6 Qd2 40. Nb5 Qb4 41. d6 Nf4 42. Qg4 Ne2+ 43. Qxe2 Kh6 44. Rd1 Bh5 45. Qe3+ Kh7 46. Rd2 Qb1+ 47. Kh2 Qxb5 48. d7 Qf1 49. d8=Q Bf3 50. Qxf3 g5 51. Qh5+ Kg7 52. Qe7+ Kg8 53. Qhh7# 1-0

[Event "December 12 Late 2023"]
[Site "https://www.chess.com"]
[Date "2023.12.12"]
[Round "1"]
[White "Olsson, Linus"]
[Black "Luxama, Jacques Muller"]
[Result "0-1"]
[Board "151"]
[TimeControl "180+1"]
[WhiteFideId "1706098"]
[BlackFideId "11900113"]
[WhiteElo "2535"]
[BlackElo "2121"]
[WhiteTeam "SWE"]
[BlackTeam "HAI"]
[WhiteClock "0:00:00"]
[BlackClock "0:00:09"]

1. e4 c5 2. Nf3 d6 3. d4 cxd4 4. Nxd4 Nf6 5. Nc3 a6 6. Nb3 h6 7. h3 e5 8. Be3 Be6 9. Qd2 Be7 10. O-O-O Nbd7 11. Kb1 Rc8 12. Bd3 b5 13. f4 Qc7 14. f5 Bc4 15. g4 b4 16. Ne2 a5 17. Bxc4 Qxc4 18. Nxa5 Qxe4 19. Ng3 Qf3 20. Rhg1 Qa8 21. Nb3 d5 22. g5 hxg5 23. Bxg5 Rxh3 24. Qe2 Qc6 25. Bxf6 Bxf6 26. Nh5 Rxh5 27. Qxh5 Qxc2+ 28. Ka1 e4 29. Rb1 Ra8 30. Qh8+ Nf8 31. Qh3 Bc3 32. Nc1 Bf6 33. Qb3 Qc5 34. Ne2 Ra3 35. Qd1 Qa5 36. Nc1 b3 37. Qxb3 Rxb3 38. Nxb3 Qb4 39. Rgd1 d4 40. Re1 e3 41. Rbd1 Nd7 42. Kb1 Nc5 43. Nc1 Na4 44. Nb3 Nc5 45. Nc1 Ke7 46. Re2 Kf8 47. Nd3 Nxd3 48. Rxd3 Qc4 49. Rd1 Bg5 50. Rc2 Qd5 51. Rd3 Qe4 0-1

[Event "December 12 Late 2023"]
[Site "https://www.chess.com"]
[Date "2023.12.12"]
[Round "1"]
[White "Novikova, Margarita"]
[Black "Silva Lucena, Cristian"]
[Result "0-1"]
[Board "152"]
[TimeControl "180+1"]
[WhiteFideId "14109689"]
[BlackFideId "2232588"]
[WhiteElo "2118"]
[BlackElo "2534"]
[WhiteTeam "GER"]
[BlackTeam "ESP"]
[WhiteClock "0:00:00"]
[BlackClock "0:01:46"]

1. e4 e5 2. Nf3 Nc6 3. Bc4 Bc5 4. c3 Nf6 5. d4 exd4 6. cxd4 Bb4+ 7. Bd2 Bxd2+ 8. Nbxd2 d5 9. exd5 Nxd5 10. O-O O-O 11. Rc1 h6 12. h3 Be6 13. Ne4 Nce7 14. Nc5 Bc8 15. Ne5 b6 16. Ne4 Be6 17. Qb3 a5 18. a3 a4 19. Qa2 b5 20. Bxd5 Bxd5 21. Qb1 Nf5 22. Rfd1 Re8 23. Nc3 Nh4 24. Nxd5 Qxd5 25. f3 Rad8 26. Qc2 f6 27. Ng4 h5 28. Nf2 Qg5 29. Ne4 Nxf3+ 30. Kh1 Qf4 31. gxf3 Qxf3+ 32. Qg2 Qxg2+ 33. Kxg2 Rxe4 34. Rxc7 Rexd4 35. Rxd4 Rxd4 36. Rc8+ Kh7 37. Rc2 Kh6 38. Kg3 h4+ 39. Kf3 f5 40. Ke3 Re4+ 41. Kf3 g6 42. Rc5 b4 43. Ra5 bxa3 44. bxa3 Rc4 45. Kg2 Rc2+ 46. Kf3 Rc3+ 47. Kf4 Rxa3 48. Ke5 Rxh3 49. Kf6 Kh5 50. Rxa4 Rg3 51. Ra8 h3 52. Rh8+ Kg4 53. Kxg6 f4 54. Kf6 Kf3 55. Ke5 Ke3 56. Rf8 f3 57. Kf5 f2 58. Re8+ Kf3 0-1

[Event "December 12 Late 2023"]
[Site "https://www.chess.com"]
[Date "2023.12.12"]
[Round "1"]
[White "Rodgers, Jack"]
[Black "Bhandari, Krish"]
[Result "1/2-1/2"]
[Board "153"]
[TimeControl "180+1"]
[WhiteFideId "3220885"]
[BlackFideId "30955106"]
[WhiteElo "2532"]
[BlackElo "2099"]
[WhiteTeam "AUS"]
[BlackTeam "USA"]
[WhiteClock "0:00:05"]
[BlackClock "0:00:10"]

1. d4 d5 2. Bg5 Nd7 3. e3 Ndf6 4. Nd2 h6 5. Bh4 e6 6. Bd3 Bd6 7. f4 Ne7 8. Ngf3 Nf5 9. Bf2 Ng4 10. Qe2 h5 11. Ne5 Nxf2 12. Qxf2 f6 13. Ng6 Rh6 14. Nh4 c6 15. c3 Bd7 16. e4 Nxh4 17. Qxh4 Qe7 18. e5 fxe5 19. Qxe7+ Bxe7 20. fxe5 Kf8 21. Ke2 Kg8 22. Raf1 Be8 23. h4 Bg6 24. Rf3 Rf8 25. Rxf8+ Bxf8 26. g3 Bxd3+ 27. Kxd3 Rg6 28. Nf1 Rg4 29. Rh2 g6 30. Rf2 Be7 31. Rf3 g5 32. Ne3 Re4 33. hxg5 Bxg5 34. Ng2 c5 35. b3 cxd4 36. cxd4 a5 37. Nf4 Bxf4 38. gxf4 Kg7 39. f5 exf5 40. Rxf5 h4 41. Rh5 Kg6 42. Rh8 Kg7 43. Rc8 h3 44. Rc1 h2 45. Rh1 Rh4 46. Ke3 Kg6 47. Kf3 Rxd4 48. Rxh2 Re4 49. Rg2+ Kf5 50. Rh2 Kxe5 51. Rh7 b5 52. Rb7 Rb4 53. Ra7 a4 54. bxa4 Rxa4 55. Rb7 Ra3+ 56. Ke2 Rxa2+ 57. Kd3 Ra5 58. Kc3 d4+ 59. Kb4 Ra1 60. Kb3 d3 61. Kc3 Ra3+ 62. Kd2 Kd4 63. Rxb5 Ra2+ 64. Kc1 Kc3 65. Rc5+ Kd4 66. Rc8 Ra1+ 67. Kd2 Ra2+ 68. Kd1 Ra5 69. Rd8+ Rd5 70. Rxd5+ Kxd5 71. Kd2 Ke4 72. Kd1 Ke3 73. Ke1 Kd4 74. Kd2 Kc4 75. Kd1 Kc3 76. Kc1 Kd4 77. Kd2 Ke4 78. Kd1 Kf3 79. Kd2 Ke4 1/2-1/2

[Event "December 12 Late 2023"]
[Site "https://www.chess.com"]
[Date "2023.12.12"]
[Round "1"]
[White "Sailer, Mike"]
[Black "Tikhonov, Viacheslav"]
[Result "0-1"]
[Board "154"]
[TimeControl "180+1"]
[WhiteFideId "2012901"]
[BlackFideId "44196407"]
[WhiteElo "2090"]
[BlackElo "2531"]
[WhiteTeam "USA"]
[BlackTeam "RUS"]
[WhiteClock "0:00:16"]
[BlackClock "0:00:08"]

1. d4 Nf6 2. Bg5 Ne4 3. Bf4 d5 4. f3 Nf6 5. Nc3 e6 6. Nb5 Na6 7. e3 c6 8. Nc3 Nb8 9. a3 Bd6 10. Bxd6 Qxd6 11. Bd3 a6 12. Nge2 c5 13. dxc5 Qxc5 14. Qd2 Nc6 15. O-O-O Bd7 16. e4 dxe4 17. Nxe4 Nxe4 18. Bxe4 O-O-O 19. Qc3 Qxc3 20. Nxc3 f5 21. Bd3 Ne5 22. Be2 Bc6 23. Rxd8+ Rxd8 24. Rd1 Rxd1+ 25. Kxd1 g5 26. Ke1 Kc7 27. Kf2 Kd6 28. g3 Ng6 29. Ke3 e5 30. Bc4 f4+ 31. Ke2 Ne7 32. Bd3 h5 33. Be4 Ke6 34. Bxc6 Nxc6 35. Ne4 Nd4+ 36. Kf2 Kf5 37. c3 Nxf3 38. Nd6+ Ke6 39. Nxb7 Nxh2 40. gxf4 exf4 41. Nc5+ Kf5 42. Nxa6 g4 43. b4 g3+ 44. Kg2 Kg4 45. b5 f3+ 46. Kg1 f2+ 0-1

[Event "December 12 Late 2023"]
[Site "https://www.chess.com"]
[Date "2023.12.12"]
[Round "1"]
[White "Davidson, Kevin"]
[Black "Oliveira, Tiago Batista"]
[Result "1-0"]
[Board "155"]
[TimeControl "180+1"]
[WhiteFideId "2056810"]
[BlackFideId "2108291"]
[WhiteElo "2530"]
[BlackElo "2083"]
[WhiteTeam "USA"]
[BlackTeam "BRA"]
[WhiteClock "0:00:45"]
[BlackClock "0:00:00"]

1. e4 e5 2. Nf3 Nc6 3. Bb5 a6 4. Ba4 Nf6 5. O-O Nxe4 6. d4 b5 7. Bb3 d5 8. dxe5 Be6 9. c3 Bc5 10. Qd3 Bb6 11. Be3 Nc5 12. Bxc5 Bxc5 13. Rd1 Ne7 14. Nd4 O-O 15. Nd2 Bb6 16. Bc2 g6 17. Nxe6 fxe6 18. Rf1 Nf5 19. Qh3 Rf7 20. Nf3 Qe7 21. a4 Raf8 22. axb5 axb5 23. Bd3 c6 24. Ra6 Qb7 25. Rfa1 b4 26. Qg4 bxc3 27. bxc3 Bc5 28. h4 Qb2 29. Rf1 Nh6 30. Qxe6 Nf5 31. Rxc6 1-0

[Event "December 12 Late 2023"]
[Site "https://www.chess.com"]
[Date "2023.12.12"]
[Round "1"]
[White "Ghosh, Chanchal Kumer"]
[Black "Rama, Tejas"]
[Result "0-1"]
[Board "156"]
[TimeControl "180+1"]
[WhiteFideId "10201858"]
[BlackFideId "30907381"]
[WhiteElo "2078"]
[BlackElo "2529"]
[WhiteTeam "BAN"]
[BlackTeam "USA"]
[WhiteClock "0:00:07"]
[BlackClock "0:00:17"]

1. e4 c5 2. Nf3 d6 3. d4 cxd4 4. Nxd4 Nf6 5. Nc3 Nc6 6. Be2 g6 7. f4 Bg7 8. Nxc6 bxc6 9. e5 dxe5 10. Qxd8+ Kxd8 11. fxe5 Ng4 12. Bxg4 Bxg4 13. Bf4 Rb8 14. h3 Be6 15. O-O-O+ Kc8 16. Rd4 Rd8 17. Rhd1 Rxd4 18. Rxd4 Kc7 19. Ra4 Rb7 20. Ne4 Kb8 21. Nc5 Rb5 22. Nxe6 fxe6 23. Re4 Kc7 24. c4 Ra5 25. a3 Ra6 26. Kc2 Rb6 27. Kc3 Rb8 28. b4 Rf8 29. Kd4 h6 30. b5 g5 31. Bh2 Rf2 32. Rg4 Ra2 33. Rg3 c5+ 34. Kxc5 Bxe5 35. Re3 Bxh2 36. Rxe6 Bd6+ 37. Kd5 Rd2+ 38. Ke4 Re2+ 39. Kd4 Rxe6 0-1

[Event "December 12 Late 2023"]
[Site "https://www.chess.com"]
[Date "2023.12.12"]
[Round "1"]
[White "Ferreira, Vitor Hugo Vieira"]
[Black "Stead, Kerry"]
[Result "1-0"]
[Board "157"]
[TimeControl "180+1"]
[WhiteFideId "2119765"]
[BlackFideId "3202577"]
[WhiteElo "2529"]
[BlackElo "2062"]
[WhiteTeam "BRA"]
[BlackTeam "AUS"]
[WhiteClock "0:01:20"]
[BlackClock "0:01:17"]

1. c4 g6 2. g3 Bg7 3. Bg2 c6 4. Nf3 d6 5. O-O e5 6. Nc3 Be6 7. b3 h6 8. Bb2 Nd7 9. d4 Qc7 10. h3 f5 11. e4 Ne7 12. Rc1 O-O 13. Nd5 Qd8 14. Nxe7+ Qxe7 15. Nh4 Rf6 16. dxe5 dxe5 17. f4 Bf7 18. exf5 gxf5 19. fxe5 Nxe5 20. Nxf5 Qc5+ 21. Bd4 Qf8 22. Bxe5 Rg6 23. Bxg7 Rxg7 24. Nxg7 Qxg7 25. Qg4 1-0